 Dungeon Crawl Stone Soup version 0.29-a0-1009-g60c99734e7 (webtiles) character file.

Game seed: 15199908441045763756

130 vurker the Cutter (level 4, 0/36 HPs)
             Began as a Minotaur Enchanter on Aug 8, 2022.
             Slain by a gnoll
             ... wielding a +0 flail
              (4 damage)
             ... on level 3 of the Dungeon.
             The game lasted 00:02:34 (2809 turns).

vurker the Cutter (Minotaur Enchanter)              Turns: 2809, Time: 00:02:35

Health: 0/36       AC:  5    Str: 14    XL:     4   Next: 90%
Magic:  5/5        EV: 12    Int: 12    God:
Gold:   178        SH:  0    Dex: 11    Spells: 5/5 levels left

rFire   . . .      SeeInvis .   a - +1 dagger
rCold   . . .      Faith    .   (no shield)
rNeg    . . .      Spirit   .   b - +0 robe
rPois   .          Reflect  .   f - +0 hat
rElec   .          Harm     .   k - +0 cloak
rCorr   .          Rampage  .   q - +1 pair of gloves
Will    .....                   (no boots)
Stlth   ++........              n - amulet of regeneration
HPRegen 0.92/turn               (no ring)
MPRegen 0.09/turn               (no ring)

@: no status effects
A: horns 2, retaliatory headbutt
a: no special abilities


You were on level 3 of the Dungeon.
You visited 1 branch of the dungeon, and saw 4 of its levels.

You collected 178 gold pieces.

Inventory:

Hand Weapons
 a - a +1 dagger (weapon)
Armour
 b - a +0 robe (worn)
 f - a +0 hat (worn)
   (You found it on level 1 of the Dungeon)
 k - a +0 cloak (worn)
   (You found it on level 1 of the Dungeon)
 q - a +1 pair of gloves (worn)
   (You found it on level 3 of the Dungeon)
Jewellery
 n - an amulet of regeneration (around neck)
   (You found it on level 2 of the Dungeon)
 w - a ring of protection from cold
   (You found it on level 4 of the Dungeon)
Wands
 t - a wand of flame (14)
   (You found it on level 2 of the Dungeon)
Scrolls
 g - a scroll of magic mapping {unknown}
 h - a scroll of torment {unknown}
 i - 4 scrolls of identify {unknown}
 m - a scroll of teleportation {unknown}
 o - a scroll of poison {unknown}
 p - 2 scrolls of immolation {unknown}
 r - 2 scrolls of vulnerability {unknown}
Potions
 c - 2 potions of invisibility
 d - a potion of curing {unknown}
 e - a potion of flight {unknown}
 j - 2 potions of berserk rage {unknown}
 l - a potion of experience {unknown}
 s - 2 potions of degeneration {unknown}
 u - a potion of mutation {unknown}
 v - a potion of might {unknown}


   Skills:
 + Level 2.2 Fighting
 * Level 3.3 Short Blades
 + Level 2.1 Armour
 + Level 3.2 Dodging
 - Level 2.4 Stealth
 - Level 1.3 Spellcasting
 - Level 2.0 Hexes


You had 5 spell levels left.
You didn't know any spells.
Your spell library contained the following spells:

 Spells                   Type           Power      Damage    Failure   Level
 Apportation              Tloc           0%         N/A       28%         1
 Ensorcelled Hibernation  Hex/Ice        6%         N/A       28%         2
 Confusing Touch          Hex            5%         N/A       36%         3
 Tukima's Dance           Hex            5%         N/A       36%         3
 Dazzling Flash           Conj/Hex       6%         N/A       50%         3
 Alistair's Intoxication  Tmut/Pois      0%         N/A       100%        5


Dungeon Overview and Level Annotations

Branches:
Dungeon (4/15)
 Temple: D:4-7

Altars:
Hepliaklqana

Shops:
D:2 [


Innate Abilities, Weirdness & Mutations

You have a pair of horns on your head.
You reflexively headbutt those who attack you in melee.


Message History

No target in view!
No target in view!
No target in view!
No target in view!
No target in view!
No target in view!
No target in view!
No target in view!
You start resting.
You climb downwards.
The gnoll closely misses you. The gnoll misses you.
The endoplasm hits you but does no damage.
The gnoll hits you from afar with a +0 halberd!
The gnoll misses you. You furiously retaliate!
You headbutt the gnoll, but do no damage.
The endoplasm freezes you.
You are frozen.
The gnoll barely misses you. You furiously retaliate!
You headbutt the gnoll.
There is a stone staircase leading up, spattered with blood here.
The endoplasm freezes you.
You are frozen.
The gnoll hits you with a +0 flail.
* * * LOW HITPOINT WARNING * * *
The gnoll misses you. The gnoll hits you but does no damage.
You climb upwards.
There is a stone staircase leading down here.
You hit the gnoll. The gnoll hits you with a +0 flail!
* * * LOW HITPOINT WARNING * * *
The gnoll closely misses you. The endoplasm freezes you.
You are frozen.
* * * LOW HITPOINT WARNING * * *
Unknown command.
You hit the gnoll. You barely miss the gnoll. The gnoll closely misses you.
The gnoll hits you with a +0 flail.
* * * LOW HITPOINT WARNING * * *
The endoplasm freezes you.
You are frozen.
* * * LOW HITPOINT WARNING * * *
Unknown command.
You closely miss the gnoll. The gnoll barely misses you.
The gnoll closely misses you. The endoplasm misses you.
You barely miss the gnoll. You headbutt the gnoll.
The gnoll hits you with a +0 flail.
* * * LOW HITPOINT WARNING * * *
The gnoll misses you. The endoplasm barely misses you. You furiously retaliate!
You headbutt the endoplasm.
Unknown command.
You hit the gnoll. Your headbutt misses the gnoll.
The gnoll hits you with a +0 flail.
You die...

#....(....#
##........#
#......[..######
#..............###
#................###
#.....)............###
#................#....
##..J()............###
##.g@g.###....###.##
####### ##.#.###..#
#.#..###.# #..#...#.##
##.###.#... #...#.####
###.....# ###.#.##
#.#...


You could see 2 gnolls and an endoplasm.

Vanquished Creatures
  A killer bee (D:3)
  A gnoll (D:3)
  An adder (D:2)
  2 dart slugs
  6 orcs (D:3)
  5 ball pythons
  5 bats
  5 endoplasms
  4 goblins
  5 hobgoblins
  7 jackals (D:1)
  4 kobolds
  3 rats
49 creatures vanquished.

Notes
Turn   | Place    | Note
-------+----------+-------------------------------------------
     0 | D:1      | vurker the Minotaur Enchanter began the quest for the Orb.
     0 | D:1      | Reached XP level 1. HP: 14/14 MP: 1/1
   231 | D:1      | Reached XP level 2. HP: 22/22 MP: 3/3
   828 | D:1      | Reached skill level 1 in Fighting
   828 | D:1      | Reached skill level 1 in Armour
  1417 | D:2      | Reached XP level 3. HP: 28/28 MP: 4/4
  1494 | D:2      | Found Yfeaxa's Antique Armour Shoppe.
  1572 | D:2      | Found a faded altar of an unknown god.
  2309 | D:3      | Found a hazy altar of Hepliaklqana.
  2401 | D:3      | Reached XP level 4. HP: 34/36 MP: 5/5
  2719 | D:4      | Noticed a scorpion
  2719 | D:4      | Noticed a scorpion
  2809 | D:3      | Slain by a gnoll

Illustrated notes

Levels and vault maps discovered:
D:1:      dpeg_arrival_lava_temple_mockup, layout_basic
D:2:      layout_loops_corners, serial_shops, shop,
          hellmonk_ecumenical_altar_lost_god, st_stairs_13,
          grunt_decor_one_mirror
D:3:      layout_rooms, nicolae_hepliaklqana_hazy_memory
D:4:      layout_gridville, mainiacjoe_overflow_tiny_flanked,
          amcnicky_altar_gilded, small_statue_intersection, minmay_manual_moon,
          uniq_natasha

Skill      XL: |  1  2  3  4 |
---------------+-------------+-----
Fighting       | 1 2 |  2.2
Armour         | 1 2 |  2.1
Short Blades   | 2 3 |  3.3
Dodging        | 3 |  3.2
Stealth        | |  2.4
Spellcasting   | |  1.3
Hexes          | |  2.0

Action                   |  1- 3 |  4- 6 || total
-------------------------+-------+-------++-------
Melee: Dagger            |   103 |    25 ||   128
       Headbutt          |    13 |     7 ||    20
       Punch             |     1 |       ||     1
 Stab: Sleeping          |     7 |       ||     7
Armor: Robe              |    21 |     7 ||    28
Dodge: Dodged            |    68 |    29 ||    97

Table legend: (Time is in decaauts)
 A = Elapsed time spent in this place.
 B = Non-inter-level travel time spent in this place.
 C = Inter-level travel time spent in this place.
 D = Time resting spent in this place.
 E = Time spent auto-exploring this place.
 F = Levels seen in this place.
 G = Mean time per level.
                   A        B        C        D        E       F      G
               +--------+--------+--------+--------+--------+-----+--------+
         Total |   2795 |   2672 |    123 |     17 |   2223 |   4 |  698.8 |
       Dungeon |   2795 |   2672 |    123 |     17 |   2223 |   4 |  698.8 |
               +--------+--------+--------+--------+--------+-----+--------+

Top non-repeatable levels by time:
     D:1: 1332 daAuts
     D:2: 752 daAuts
     D:3: 589 daAuts
     D:4: 120 daAuts
